 Dungeon Crawl Stone Soup version 0.31-a0-925-g0a390f2509 (webtiles) character file.

Game seed: 18410553608480813478

56 pokeman the Magician (level 3, -1/20 HPs)
             Began as a Deep Elf Hedge Wizard on Oct 18, 2023.
             Slain by an orc wizard
             ... wielding a +0 dagger
              (3 damage)
             ... on level 2 of the Dungeon.
             The game lasted 00:03:21 (2149 turns).

pokeman the Magician (Deep Elf Hedge Wizard)        Turns: 2149, Time: 00:03:22

Health: -1/20      AC:  2    Str:  7    XL:     3   Next: 69%
Magic:  11/11      EV: 12    Int: 20    God:
Gold:   80         SH:  0    Dex: 14    Spells: 4/12 levels left

rFire   . . .        a - +0 dagger
rCold   . . .        (no shield)
rNeg    . . .        b - +0 robe
rPois   .            c - +0 hat
rElec   .            (no cloak)
rCorr   .            (no gloves)
SInv    .            (no boots)
Will    .....        (no amulet)
Stlth   +            (no ring)
HPRegen 0.23/turn    (no ring)
MPRegen 0.12/turn

%: no passive effects
@: confused
A: no striking features
a: no special abilities


You were on level 2 of the Dungeon.
You visited 1 branch of the dungeon, and saw 3 of its levels.

You collected 80 gold pieces.

Inventory:

Hand Weapons
 a - a +0 dagger (weapon)
Armour
 b - a +0 robe (worn)
 c - a +0 hat (worn)
Wands
 l - a wand of iceblast (8)
Scrolls
 e - 2 scrolls of teleportation {unknown}
 f - a scroll of vulnerability {unknown}
 h - a scroll of silence {unknown}
 k - a scroll of amnesia {unknown}
 m - a scroll of noise {unknown}
Potions
 d - 2 potions of magic
 g - a potion of enlightenment {unknown}
 i - 2 potions of haste {unknown}
 j - a potion of lignification {unknown}


   Skills:
 - Level 1.0 Fighting
 + Level 1.0 Armour
 + Level 2.5 Dodging
 - Level 2.4 Stealth
 * Level 5.3 Spellcasting
 + Level 2.0 Conjurations
 - Level 1.1 Summonings
 - Level 1.1 Translocations


You had 4 spell levels left.
You knew the following spells:

 Your Spells              Type           Power      Damage    Failure   Level
a - Magic Dart            Conj           52%        1d5       4%          1
b - Mephitic Cloud        Conj/Pois/Air  8%         N/A       26%         3
c - Call Imp              Summ           18%        N/A       11%         2
d - Blink                 Tloc           18%        N/A       11%         2

Your spell library contained the following spells:

 Spells                   Type           Power      Damage    Failure   Level
 Slow                     Hex            20%        N/A       11%         1
 Cigotuvi's Dreadful Rot  Necr/Pois/Air  10%        N/A       17%         2


Dungeon Overview and Level Annotations

Branches:
Dungeon (3/15)

Altars:


Message History

The orc is severely wounded.
The orc completely misses you.
You hit the orc but do no damage.
The orc is severely wounded.
The orc hits you with a +0 club.
You hit the orc.
You kill the orc!
Your Armour skill increases to level 1!
Things that are here:
a +0 club; a +0 chain mail HP restored.
Magic restored.
Done exploring.
There is a stone staircase leading down here.
You climb downwards.
The orc wizard points at you and mumbles some strange words.
The magic dart hits you!
Found a war axe and a cyan potion.
Found a stone staircase leading up.
There is a stone staircase leading up here.
Unknown command.
The orc wizard gestures at you while chanting.
You are confused.
You climb upwards.
There is a stone staircase leading down here.
Unknown command.
Unknown command.
The orc wizard gestures at you while chanting.
You are more confused.
The orc wizard gestures at you while chanting.
The magic dart hits you.
You bump into the rock wall.
The orc wizard gestures at you while chanting.
The magic dart hits you!
* * * LOW HITPOINT WARNING * * *
You bump into the rock wall.
The orc wizard hits you with a +0 dagger.
* * * LOW HITPOINT WARNING * * *
The orc wizard attacks as it pursues you!
The orc wizard hits you with a +0 dagger.
You die...

###......##.##.#.........#.# #.
#......##.##.#....(....'.# #.
#......##(##.#.........### #.
#......##.....(........# #. #
#......#####...........# #. #
#......'.....[.........# #. #
#......#####..>........#######.
# #........#
###o####'##......... #
#........# #@# #.##.########
####.......# #[# #.##.#
..##.......# #.####.##.#
.........### #....#.##.#
...################.#....#
...#.............##.######
...#.###########.##.#
...#.....# #.##.###########
...#####.# #.##...........#


You could see an orc wizard.

Vanquished Creatures
  An adder (D:2)
  3 orcs (D:2)
  3 ball pythons
  4 bats (D:2)
  An endoplasm (D:2)
  A giant cockroach (D:2)
  6 goblins
  4 hobgoblins
  5 kobolds
  A quokka (D:1)
  5 frilled lizards
  5 rats
39 creatures vanquished.

Vanquished Creatures (collateral kills)
  An orc (D:2)
1 creature vanquished.

Grand Total: 40 creatures vanquished

Notes
Turn   | Place    | Note
-------+----------+-------------------------------------------
     0 | D:1      | pokeman the Deep Elf Hedge Wizard began the quest for the
                  | Orb.
     0 | D:1      | Reached XP level 1. HP: 10/10 MP: 7/7
   317 | D:1      | Reached XP level 2. HP: 15/15 MP: 3/9
   905 | D:2      | Reached skill level 5 in Spellcasting
  1110 | D:2      | Reached XP level 3. HP: 20/20 MP: 7/11
  1114 | D:2      | Learned a level 3 spell: Mephitic Cloud
  1117 | D:2      | Learned a level 2 spell: Call Imp
  1120 | D:2      | Learned a level 2 spell: Blink
  1587 | D:2      | Reached skill level 1 in Fighting
  1826 | D:2      | Found a faded altar of an unknown god.
  2057 | D:2      | Reached skill level 1 in Armour
  2149 | D:2      | Slain by an orc wizard

Illustrated notes

Levels and vault maps discovered:
D:1:      lightli_iron_boxes, layout_basic
D:2:      layout_basic, hellmonk_ecumenical_altar_pennies_from_heaven
D:3:      layout_rooms, grunt_temple_overflow_open, overflow_temple_1_default,
          grunt_ministairs_6

Skill      XL: |  1  2  3 |
---------------+----------+-----
Spellcasting   | 5 |  5.3
Fighting       | 1 |  1.0
Conjurations   | 2 |  2.0
Armour         | 1 |  1.0
Dodging        | |  2.5
Stealth        | |  2.4
Summonings     | |  1.1
Translocations | |  1.1

Action                     || total
---------------------------++-------
  Melee: Dagger            ||    11
   Cast: Magic Dart        ||    92
         Mephitic Cloud    ||     2
         Blink             ||     1
         Call Imp          ||     1
 Armour: Robe              ||    32
  Dodge: Dodged            ||    25

Table legend: (Time is in decaauts)
 A = Elapsed time spent in this place.
 B = Non-inter-level travel time spent in this place.
 C = Inter-level travel time spent in this place.
 D = Time resting spent in this place.
 E = Time spent auto-exploring this place.
 F = Levels seen in this place.
 G = Mean time per level.
                   A        B        C        D        E       F      G
               +--------+--------+--------+--------+--------+-----+--------+
         Total |   2152 |   2128 |     24 |     56 |   1820 |   3 |  717.3 |
       Dungeon |   2152 |   2128 |     24 |     56 |   1820 |   3 |  717.3 |
               +--------+--------+--------+--------+--------+-----+--------+

Top non-repeatable levels by time:
     D:2: 1392 daAuts
     D:1: 750 daAuts
     D:3: 9 daAuts
